 Dungeon Crawl Stone Soup version 0.30-a0-782-ge64f9170bb (webtiles) character file.

Game seed: 2475388001354398460

199 Leeroy the Changer (level 5, -3/33 HPs)
             Began as an Octopode Transmuter on Feb 22, 2023.
             Slain by a gnoll
             ... wielding a +0 whip
              (6 damage)
             ... on level 2 of the Dungeon.
             The game lasted 00:01:10 (927 turns).

Leeroy the Changer (Octopode Transmuter)             Turns: 927, Time: 00:01:11

Health: -3/33      AC:  1    Str: 10    XL:     5   Next: 77%
Magic:  8/8        EV: 13    Int: 17    God:
Gold:   96         SH:  0    Dex: 12    Spells: 4/8 levels left

rFire   . . .      SeeInvis .      - Unarmed
rCold   . . .      Faith    .    (no shield)
rNeg    . . .      Spirit   .    (helmet restricted)
rPois   .          Reflect  .    (no amulet)
rElec   .          Harm     .    (no ring)
rCorr   .          Rampage  .    (no ring)
Will    .....                    (no ring)
Stlth   ++                       (no ring)
HPRegen 0.25/turn                (no ring)
MPRegen 0.11/turn                (no ring)
                                 (no ring)
                                 (no ring)

@: no status effects
A: almost no armour, amphibious, 8 rings, camouflage 1, gelatinous body 1,
(nimble swimmer 1), tentacles
a: no special abilities


You were on level 2 of the Dungeon.
You visited 1 branch of the dungeon, and saw 2 of its levels.

You collected 96 gold pieces.

Inventory:

Wands
 i - a wand of light (11)
Scrolls
 c - a scroll of immolation {unknown}
 e - a scroll of noise {unknown}
 f - a scroll of fog {unknown}
 h - 2 scrolls of identify {unknown}
 k - a scroll of enchant weapon {unknown}
Potions
 a - a potion of lignification
 b - 2 potions of mutation {unknown}
 d - 2 potions of degeneration {unknown}
 g - 2 potions of haste {unknown}
 j - a potion of magic {unknown}


   Skills:
 - Level 1.0 Fighting
 - Level 2.0 Dodging
 - Level 3.0 Unarmed Combat
 - Level 2.0 Spellcasting
 + Level 5.7 Transmutations
 - Level 1.0 Poison Magic


You had 4 spell levels left.
You knew the following spells:

 Your Spells              Type           Power      Damage    Failure   Level
a - Beastly Appendage     Tmut           42%        N/A       1%          1
b - Spider Form           Tmut/Pois      13%        N/A       14%         3

Your spell library contained the following spells:

 Spells                   Type           Power      Damage    Failure   Level
 Wereblood                Tmut           21%        N/A       2%          2
 Ice Form                 Ice/Tmut       11%        N/A       52%         4


Dungeon Overview and Level Annotations

Branches:
Dungeon (2/15)

Altars:


Innate Abilities, Weirdness & Mutations

You cannot wear most types of armour.
You are amphibious.
You can wear up to eight rings at the same time.
Your skin changes colour to match your surroundings (Stealth+).
Your rubbery body absorbs attacks. (AC +1, EV +1)
((You are camouflaged when in or above water. (Stealth+)))
You have tentacles for arms and can constrict up to eight enemies at once.


Message History

You constrict the bat. The bat barely misses you. The bat hits you.
The bat struggles to escape constriction.
You completely miss the bat.
The bat is moderately wounded.
You constrict the bat. The bat hits you but does no damage.
The bat escapes!
The bat barely misses you. The bat hits you but does no damage.
You closely miss the bat. Your grab misses the bat.
Your squeeze misses the bat.
The bat is heavily wounded.
The bat closely misses you. The bat misses you.
You barely miss the bat. Your grab misses the bat. Your squeeze misses the bat.
The bat is heavily wounded.
The bat misses you. The bat hits you but does no damage.
You tentacle-slap the bat.
You kill the bat!
Found 5 stones.
Found a stone staircase leading down.
You now have 96 gold pieces (gained 12).
j - an inky potion No target in view!
k - a scroll labelled YNAEPNA ISIV A gnoll comes into view.
It is wielding a +0 whip.
A gnoll is nearby!
A gnoll comes into view. It is wielding a +0 spear.
Found a grey potion.
Found a stone staircase leading up.
A gnoll comes into view. It is wielding a +0 halberd.
A gnoll comes into view. It is wielding a +0 spear.
The gnoll shouts! x2
The gnoll shouts!
You barely miss the gnoll. You grab the gnoll. You squeeze the gnoll.
The gnoll is lightly wounded.
You constrict the gnoll.
The gnoll hits you from afar with a +0 halberd!
The gnoll hits you from afar with a +0 spear. x2
The gnoll hits you with a +0 whip.
* * * LOW HITPOINT WARNING * * *
You release your grip on the gnoll.
The gnoll hits you with a +0 whip.
* * * LOW HITPOINT WARNING * * *
The gnoll attacks as you move away! The gnoll hits you with a +0 whip.
You die...

#.> #..........# #.#
#......!...# .#
#..........# #########.#
#.......... ##...##....#
#........####....(>....#
##.......................
#.....g....##............
#.....g.@................
#.....gg...###...........
#..........# ##...##....#
#.........<# ######.....
##........## ##^....
##......## #...#..
######## ##..... ##.#..
#### #.#..


You could see 4 gnolls.

Vanquished Creatures
  Sigmund (D:2)
  An adder (D:2)
  A dart slug (D:1)
  3 endoplasms (D:1)
  3 giant cockroaches (D:1)
  3 goblins
  A hobgoblin (D:1)
  2 kobolds (D:1)
  2 quokkas
  3 ball pythons
  3 bats
  6 rats
29 creatures vanquished.

Notes
Turn   | Place    | Note
-------+----------+-------------------------------------------
     0 | D:1      | Leeroy the Octopode Transmuter began the quest for the Orb.
     0 | D:1      | Reached XP level 1. HP: 13/13 MP: 3/3
    83 | D:1      | Reached XP level 2. HP: 18/18 MP: 5/5
   156 | D:1      | Reached skill level 3 in Transmutations
   424 | D:1      | Reached XP level 3. HP: 22/23 MP: 6/6
   615 | D:2      | Learned a level 3 spell: Spider Form
   662 | D:2      | Noticed Sigmund
   676 | D:2      | Killed Sigmund
   677 | D:2      | Reached skill level 5 in Transmutations
   677 | D:2      | Reached skill level 1 in Poison Magic
   677 | D:2      | Reached XP level 4. HP: 11/28 MP: 4/7
   677 | D:2      | Reached XP level 5. HP: 12/33 MP: 4/8
   927 | D:2      | Slain by a gnoll

Illustrated notes

Levels and vault maps discovered:
D:1:      zaba_arrival_water, layout_loops_ring
D:2:      layout_rooms, uniq_sigmund

Skill      XL: |  1  2  3 |
---------------+----------+-----
Transmutations | 3 5 |  5.7
Poison Magic   | 1 |  1.0
Fighting       | |  1.0
Dodging        | |  2.0
Unarmed Combat | |  3.0
Spellcasting   | |  2.0

Action                     |  1- 3 |  4- 6 || total
---------------------------+-------+-------++-------
  Melee: Unarmed           |    61 |    16 ||    77
         Tentacles         |     9 |     3 ||    12
         Constrict         |    11 |     6 ||    17
         Punch             |     3 |       ||     3
   Cast: Spider Form       |     1 |     1 ||     2
   Stab: Sleeping          |     5 |       ||     5
 Armour: Skin              |     9 |     3 ||    12
  Dodge: Dodged            |    38 |    12 ||    50

Table legend: (Time is in decaauts)
 A = Elapsed time spent in this place.
 B = Non-inter-level travel time spent in this place.
 C = Inter-level travel time spent in this place.
 D = Time resting spent in this place.
 E = Time spent auto-exploring this place.
 F = Levels seen in this place.
 G = Mean time per level.
                   A        B        C        D        E       F      G
               +--------+--------+--------+--------+--------+-----+--------+
         Total |    923 |    923 |      0 |     27 |    678 |   2 |  461.5 |
       Dungeon |    923 |    923 |      0 |     27 |    678 |   2 |  461.5 |
               +--------+--------+--------+--------+--------+-----+--------+

Top non-repeatable levels by time:
     D:1: 604 daAuts
     D:2: 318 daAuts
